 Dungeon Sprint DCSS version 0.22-a0-142-g91cc6d7 (webtiles) character file.

2942 esc the Covert (level 10, -11/68 HPs)
             Began as a Kobold Enchanter on Feb 5, 2018.
             Was a Believer of Dithmenos.
             Shot with an arrow by a centaur warrior (21 damage)
             ... in the Dungeon (Sprint I: "Red Sonja").
             The game lasted 00:03:58 (721 turns).

esc the Covert (Kobold Enchanter)                    Turns: 721, Time: 00:03:59

Health: -11/68     AC:  6    Str:  7    XL:     10   Next: 7%
Magic:  17/24      EV: 23    Int: 17    God:    Dithmenos [**....]
Gold:   686        SH:  0    Dex: 17    Spells: 20/29 levels left

rFire    . . .     SeeInvis .   a - +1 dagger
rCold    . . .     Gourm    .   (shield restricted)
rNeg     . . .     Faith    .   i - +1 robe
rPois    .         Spirit   .   s - +0 helmet
rElec    .         Reflect  .   (no cloak)
rCorr    +         Harm     .   (no gloves)
MR       .....     NoTele   +   l - +1 pair of boots
Stlth    +++++++...             (no amulet)
HPRegen  0.21/turn              k - ring of resist corrosion
MPRegen  0.19/turn              (no ring)

@: wreathed by umbra
A: small, carnivore
a: Shadow Step, Renounce Religion


You were in the Dungeon.
You worshipped Dithmenos.
Dithmenos was pleased with you.
You were full.

You visited 1 branch You collected 831 gold pieces.
You spent 145 gold pieces at shops.

Inventory:

Hand Weapons
 a - a +1 dagger (weapon)
 o - a +0 blowgun
   (You took it off Sonja in the Dungeon)
 p - a +3 short sword of venom
   (You took it off Sonja in the Dungeon)
Missiles
 m - 6 curare-tipped needles
Armour
 i - a +1 robe (worn)
   (You took it off Sigmund in the Dungeon)
 l - a +1 pair of boots (worn)
   (You found it in the Dungeon)
 s - a +0 helmet (worn)
   (You bought it in a shop in the Dungeon)
Jewellery
 k - a ring of resist corrosion (left hand)
   (You found it in the Dungeon)
Scrolls
 b - a scroll of enchant armour {unknown}
 j - 2 scrolls of blinking {!r}
Potions
 e - 3 potions of curing
 f - a potion of heal wounds
 g - a potion of haste
 h - 2 potions of magic
 n - a potion of might {unknown}
 q - a potion of lignification {unknown}
Books
 c - a book of Maledictions
Comestibles
 d - a ration
 r - 4 chunks of flesh {@w0}


   Skills:
 + Level 9.9 Fighting
 + Level 11.3 Short Blades
 + Level 10.9 Dodging
 + Level 12.6 Stealth
 + Level 10.0 Spellcasting
 + Level 10.1 Hexes


You had 20 spell levels left.
You knew the following spells:

 Your Spells              Type           Power        Failure   Level  Hunger
a - Ensorcelled Hibernat  Hex/Ice        ####..       1%          2    None
b - Dazzling Spray        Conj/Hex       ####..       3%          3    None
c - Confuse               Hex            #####...     1%          3    None
v - Corona                Hex            #####..      1%          1    None


Dungeon Overview and Level Annotations

Branches:
Dungeon (1/1)

Altars:
Cheibriados
Dithmenos
Elyvilon
Fedhas
Gozag
Hepliaklqana
Kikubaaqudgha
Makhleb
Nemelex Xobeh
Okawaru
Qazlal
Ru
Sif Muna
Trog
Uskayaw
Vehumet
Wu Jian
Xom
Yredelemnul
Zin
The Shining One
Jiyva
Lugonu

Shops:
D ?[


Innate Abilities, Weirdness & Mutations

You are small and have problems with some larger weapons.
You are carnivorous and can eat meat at any time.


Message History

A deep troll comes into view.
The deep troll shouts!
There is an open door here.
Aim: a deep troll (umbra, chance to defeat MR: 35%)
The deep troll looks drowsy...
You now have 20/22 mp.
You see here 27 gold pieces.
The helpless deep troll fails to defend itself.
You skewer the deep troll like a kebab!!!!
You kill the deep troll!
Dithmenos accepts your kill.
You can now step into the shadows of nearby creatures.
Your Fighting skill increases to level 9!
Your Dodging skill increases to level 10!
Your Stealth skill increases to level 12!
You now have 656 gold pieces (gained 27).
You see here a deep troll corpse.
You butcher the deep troll corpse.
r - 4 chunks of flesh {@w0} You see here a deep troll skeleton.
You now have 683 gold pieces (gained 27).
You see here a deep troll skeleton.
You now have 710 gold pieces (gained 27).
MP restored: 22 You now have 737 gold pieces (gained 27).
You open the door.
Found 18 bolts and a short sword.
Found Vairug's Armour Emporium.
There is an open door here.
You see here 18 bolts.
There is an entrance to Vairug's Armour Emporium here.
s - a +0 helmet Thank you for shopping at Vairug's Armour Emporium!
Wear which item? (? for menu, Esc to quit)
You start putting on your armour.
You continue putting on your +0 helmet. x4
You finish putting on your +0 helmet.
Drop what? 19/52 slots (_ for help) (? for menu, Esc to quit)
You drop a +0 robe.
You see here 18 bolts.
There is an open door here.
You open the door.
There is an open door here.
You now have 686 gold pieces (gained 12).
b - a scroll labeled IWIDIO ELANLEHU You see here a dagger.
You open the door.
A centaur warrior comes into view.
The centaur warrior shouts!
The centaur warrior wields a shortbow.
The centaur warrior shoots an arrow.
The arrow hits you!!
A centaur warrior comes into view.
There is an open door, spattered with blood here.
You see here an arrow.
You take 23 damage, and have 37/60 hp.
MASSIVE DAMAGE!!
Unknown command.
You see here a dagger.
Which direction?
You close the door, pushing everything out of the way.
Something unseen opens the door.
Which direction?
You close the door.
Unknown command.
A centaur warrior opens the door.
The centaur warrior shoots an arrow.
The arrow hits you!!
The centaur warrior shouts!
You take 18 damage, and have 20/60 hp.
MASSIVE DAMAGE!!
Unknown command.
Which direction?
You close the door.
Something unseen opens the door.
Aim: a centaur warrior, wielding a shortbow (purple smoke, hasn't noticed you, chance to defeat MR: 36%)
The centaur warrior easily resists.
The centaur warrior shoots an arrow.
The arrow hits you!
* * * LOW HITPOINT WARNING * * *
You take 12 damage, and have 8/60 hp.
You now have 20/22 mp.
Unknown command.
Unknown command.
Aim: a centaur warrior, wielding a shortbow (purple smoke, umbra)
The spray of energy hits the centaur warrior.
The centaur warrior is dazzled.
The spray of energy misses the centaur warrior.
The centaur warrior wields a shortbow.
The centaur warrior shoots an arrow.
The arrow barely misses you.
You now have 17/22 mp.
You catch the helpless centaur warrior completely off-guard!
You impale the centaur warrior!!
The centaur warrior unwields an uncursed shortbow.
The centaur warrior closely misses you.
You hit the centaur warrior but do no damage.
You catch the helpless centaur warrior completely off-guard!
You impale the centaur warrior!!
You kill the centaur warrior!
Dithmenos accepts your kill.
Your Short Blades skill increases to level 11!
Your Spellcasting skill increases to level 10!
Your Hexes skill increases to level 10!
You have reached level 10!
You feel agile.
The centaur warrior shoots an arrow.
The arrow hits you!!
You die...

.#..'..#.)'..#__#..'..)#
.'[.#..'..#..'..'..#...#
.#####'#####'#__####)..+
.####..#...#.####§$#####
.#__####..##(#§§§.§#
.#_____##'#_.+§≈§§§+
⌠#_.∩...'..._#§c§cc#
##_..__##_.#'##§###
#_____###'#.#.(@)###
#########.####'###)##
+...'.÷...'(∩#
#...########## ###.###
#.#'#.# #.....# #...).#
#######


You could see a centaur warrior.

Vanquished Creatures
  A centaur warrior (D)
  Sonja (D)
  A deep troll (D)
  2 kobold demonologists (D)
  A slime creature (D)
  A yak (D)
  Sigmund (D)
  A floating eye (D)
  An ogre (D)
  A jelly (D)
  Ijyb (D)
  3 ballistomycetes (D)
15 creatures vanquished.

Vanquished Creatures (others)
  2 ballistomycete spores (D)
2 creatures vanquished.

Grand Total: 17 creatures vanquished

Notes
Turn   | Place    | Note
-------+----------+-------------------------------------------
     0 | D        | esc the Kobold Enchanter began the quest for the Orb.
     0 | D        | Reached XP level 1. HP: 10/10 MP: 3/3
     2 | D        | Noticed Ijyb
    10 | D        | Killed Ijyb
    10 | D        | Reached skill level 4 in Spellcasting
    10 | D        | Reached skill level 5 in Hexes
    10 | D        | Reached XP level 2. HP: 15/15 MP: 3/7
    10 | D        | Reached XP level 3. HP: 19/19 MP: 3/9
    18 | D        | Learned a level 2 spell: Ensorcelled Hibernation
    22 | D        | Learned a level 3 spell: Confuse
    26 | D        | Learned a level 3 spell: Dazzling Spray
    56 | D        | Noticed an ogre
    77 | D        | Killed an ogre
    77 | D        | Reached skill level 2 in Fighting
    77 | D        | Reached skill level 4 in Short Blades
    77 | D        | Reached skill level 4 in Dodging
    77 | D        | Reached skill level 5 in Stealth
    77 | D        | Reached skill level 5 in Spellcasting
    77 | D        | Reached XP level 4. HP: 27/27 MP: 4/11
    77 | D        | Reached XP level 5. HP: 31/31 MP: 4/12
   139 | D        | Noticed Sigmund
   145 | D        | Killed Sigmund
   145 | D        | Reached skill level 4 in Fighting
   145 | D        | Reached skill level 5 in Short Blades
   145 | D        | Reached skill level 5 in Dodging
   145 | D        | Reached skill level 7 in Stealth
   145 | D        | Reached skill level 6 in Spellcasting
   145 | D        | Reached skill level 6 in Hexes
   145 | D        | Reached XP level 6. HP: 39/39 MP: 6/15
   216 | D        | Found an ornate altar of the Wu Jian Council.
   216 | D        | Found a deep blue altar of Sif Muna.
   218 | D        | Found a radiant altar of Vehumet.
   222 | D        | Reached skill level 6 in Short Blades
   222 | D        | Reached skill level 6 in Dodging
   259 | D        | Found Tysautsi's Magic Scroll Emporium.
   259 | D        | Found an ancient bone altar of Kikubaaqudgha.
   259 | D        | Found a hazy altar of Hepliaklqana.
   259 | D        | Found a stormy altar of Qazlal.
   259 | D        | Found a hide-covered altar of Uskayaw.
   259 | D        | Found a blossoming altar of Fedhas.
   259 | D        | Found a bloodstained altar of Trog.
   259 | D        | Found an iron altar of Okawaru.
   259 | D        | Found a basalt altar of Yredelemnul.
   259 | D        | Found a glowing golden altar of the Shining One.
   259 | D        | Found a snail-covered altar of Cheibriados.
   259 | D        | Found a sacrificial altar of Ru.
   259 | D        | Found a glowing silver altar of Zin.
   259 | D        | Found a shadowy altar of Dithmenos.
   259 | D        | Found a white marble altar of Elyvilon.
   259 | D        | Noticed a yak
   260 | D        | Found an opulent altar of Gozag.
   261 | D        | Killed a yak
   261 | D        | Reached skill level 5 in Fighting
   261 | D        | Reached skill level 7 in Short Blades
   261 | D        | Reached skill level 7 in Dodging
   261 | D        | Reached skill level 8 in Stealth
   261 | D        | Reached skill level 7 in Spellcasting
   261 | D        | Reached skill level 7 in Hexes
   261 | D        | Reached XP level 7. HP: 44/44 MP: 15/17
   262 | D        | Found a sparkling altar of Nemelex Xobeh.
   268 | D        | Became a worshipper of Dithmenos the Shadowed
   271 | D        | Bought a scroll of blinking for 82 gold pieces
   282 | D        | Found a burning altar of Makhleb.
   282 | D        | Found a viscous altar of Jiyva.
   282 | D        | Found a shimmering altar of Xom.
   282 | D        | Found a corrupted altar of Lugonu.
   282 | D        | Noticed a slime creature
   289 | D        | Killed a slime creature
   289 | D        | Reached skill level 6 in Fighting
   289 | D        | Reached skill level 9 in Stealth
   351 | D        | Noticed a kobold demonologist
   352 | D        | Noticed a kobold demonologist
   354 | D        | Reached skill level 8 in Short Blades
   354 | D        | Reached skill level 8 in Dodging
   355 | D        | Killed a kobold demonologist
   355 | D        | Reached * piety under Dithmenos
   355 | D        | Reached skill level 7 in Fighting
   355 | D        | Reached skill level 10 in Stealth
   355 | D        | Reached skill level 8 in Spellcasting
   355 | D        | Reached skill level 8 in Hexes
   355 | D        | Reached XP level 8. HP: 53/53 MP: 18/20
   357 | D        | Killed a kobold demonologist
   357 | D        | Reached skill level 9 in Short Blades
   357 | D        | Reached skill level 9 in Dodging
   381 | D        | Noticed Sonja
   385 | D        | Killed Sonja
   385 | D        | Reached skill level 8 in Fighting
   385 | D        | Reached skill level 10 in Short Blades
   385 | D        | Reached skill level 11 in Stealth
   385 | D        | Reached skill level 9 in Spellcasting
   385 | D        | Reached skill level 9 in Hexes
   385 | D        | Reached XP level 9. HP: 60/60 MP: 20/22
   400 | D        | HP: 9/60 [something (20)]
   672 | D        | Noticed a deep troll
   676 | D        | Killed a deep troll
   676 | D        | Reached ** piety under Dithmenos
   676 | D        | Reached skill level 9 in Fighting
   676 | D        | Reached skill level 10 in Dodging
   676 | D        | Reached skill level 12 in Stealth
   689 | D        | Found Vairug's Armour Emporium.
   693 | D        | Bought a +0 helmet for 63 gold pieces
   711 | D        | Noticed a centaur warrior
   712 | D        | Noticed a centaur warrior
   717 | D        | HP: 8/60 [centaur warrior/arrow (12)]
   721 | D        | Killed a centaur warrior
   721 | D        | Reached skill level 11 in Short Blades
   721 | D        | Reached skill level 10 in Spellcasting
   721 | D        | Reached skill level 10 in Hexes
   721 | D        | Reached XP level 10. HP: 10/68 MP: 17/24
   721 | D        | Shot with an arrow by a centaur warrior

Vault maps used:
D:        dungeon_sprint_1

Skill      XL: |  1  2  3  4  5  6  7  8  9 |
---------------+----------------------------+-----
Spellcasting   | 4 5 6 7 8 9 10 | 10.0
Hexes          | 5 6 7 8 9 10 | 10.1
Fighting       | 2 4 5 7 8 9 |  9.9
Short Blades   | 4 5 7 8 10 11 | 11.3
Dodging        | 4 5 7 8 9 10 | 10.9
Stealth        | 5 7 8 10 11 12 | 12.6

Action                   |  1- 3 |  4- 6 |  7- 9 | 10-12 || total
-------------------------+-------+-------+-------+-------++-------
Melee: Dagger            |    18 |     4 |    27 |       ||    49
       Short sword       |       |       |    10 |       ||    10
 Cast: Ensorcelled Hiber |     2 |     2 |     6 |       ||    10
       Confuse           |     1 |       |       |       ||     1
       Dazzling Spray    |       |       |     1 |       ||     1
  Use: Potion            |     1 |       |       |       ||     1
 Stab: Sleeping          |     1 |     3 |     6 |       ||    10
       Confused          |     1 |       |       |       ||     1
       Invisible         |       |       |     2 |       ||     2
  Eat: Chunk             |       |     5 |       |       ||     5
Dodge: Dodged            |     8 |     2 |     6 |       ||    16

Table legend:
 A = Spawn XP
 B = Non-spawn XP
 C = Spawn XP percentage of total XP
 D = Spawn monster count
 E = Non-spawn monster count
 F = Spawn count percentage of total count
 G = Total turns spent on level
                    A         B        C        D         E        F      G
               +---------+---------+-------+---------+---------+-------+---------
         Total |       0 |    4203 |   0.0 |       0 |      12 |   0.0 |   721
               +---------+---------+-------+---------+---------+-------+---------
             D |       0 |    4203 |   0.0 |       0 |      12 |   0.0 |   721
               +---------+---------+-------+---------+---------+-------+---------

Vault maps used:
D:        dungeon_sprint_1

Table legend:
 A = Turns spent in this place as a percentage of turns spent in the entire game.
 B = Non-inter-level travel turns spent in this place as a percentage of non-inter-level travel turns spent in the entire game.
 C = Inter-level travel turns spent in this place as a percentage of turns spent in this place.
 D = Turns resting spent in this place as a percentage of non-inter-level travel turns spent in this place.
 E = Turns spent auto-exploring this place as a percentage of non-inter-level travel turns spent in this place.
 F = Non-inter-level travel turns spent in this place divided by the number of levels of this place that you've seen.
                   A       B       C       D       E      F
               +-------+-------+-------+-------+-------+----------------------
         Total | 100.0 | 100.0 |   1.8 |  53.1 |   0.0 | 708.0
       Dungeon | 100.0 | 100.0 |   1.8 |  53.1 |   0.0 | 708.0
               +-------+-------+-------+-------+-------+----------------------

Table legend:
 A = Kills in this place as a percentage of kills in entire the game.
 B = Kills by you in this place as a percentage of kills by you in the entire game.
 C = Kills by friends in this place as a percentage of kills by friends in the entire game.
 D = Other kills in this place as a percentage of other kills in the entire game.
 E = Experience gained in this place as a percentage of experience gained in the entire game.
 F = Experience gained in this place divided by the number of levels of this place that you have seen.
                   A       B       C       D       E      F
               +-------+-------+-------+-------+-------+----------------------
         Total | 100.0 | 100.0 |   N/A |   N/A | 100.0 | 4203.0
       Dungeon | 100.0 | 100.0 |   N/A |   N/A | 100.0 | 4203.0
               +-------+-------+-------+-------+-------+----------------------
